 Dungeon Crawl Stone Soup version 0.28-a0-1199-gef9e1dbd39 (webtiles) character file.

Game seed: 4447485498780974950

11447 Gargoyl the Fighter (level 11, -1/89 HPs)
             Began as a Gnoll Abyssal Knight on Dec 19, 2021.
             Was a High Priest of Lugonu.
             Slain by a cane toad (14 damage)
             ... on level 1 of the Lair of Beasts.
             The game lasted 00:18:50 (12796 turns).

Gargoyl the Fighter (Gnoll Abyssal Knight)         Turns: 12796, Time: 00:18:50

Health: -1/89      AC: 21    Str: 22    XL:     11   Next: 77%
Magic:  20/20      EV: 13    Int:  6    God:    Lugonu [*****.]
Gold:   547        SH:  6    Dex: 15    Spells: 23/23 levels left

rFire   + . .      SeeInvis .   I - +2 war axe (venom)
rCold   . . .      Faith    .   g - +0 buckler of Dimn {rN++}
rNeg    + + .      Spirit   .   F - +3 scale mail
rPois   .          Reflect  .   C - +1 helmet
rElec   .          Harm     .   z - +2 cloak
rCorr   .          Rampage  .   G - +0 pair of gloves
Will    .....                   l - +2 pair of boots {Fly}
Stlth   ++........              h - amulet of regeneration
HPRegen 1.04/turn               f - ring of protection from fire
MPRegen 0.17/turn               b - ring of Gynkustuh {Fly Str+6 Int-3 Dex+3}

@: lethally poisoned (-1 -> -2), flying
A: fangs 1, strong nose, distributed training, clumsy 1
a: Renounce Religion, Depart the Abyss, Bend Space, Banish, Corrupt, Enter the
Abyss


You were on level 1 of the Lair of Beasts.
You worshipped Lugonu.
Lugonu was extremely pleased with you.
You visited 2 branches of the dungeon, and saw 12 of its levels.
You visited the Abyss 1 time.
You also visited: Sewer.

You collected 583 gold pieces.
You spent 36 gold pieces at shops.

Inventory:

Hand Weapons
 a - a +1 vorpal hand axe
 p - a +0 hand axe of electrocution
 u - a +3 war axe
 I - a +2 war axe of venom (weapon)
Missiles
 k - 27 poisoned darts
 y - 3 curare-tipped darts (quivered)
Armour
 g - the +0 buckler of Dimn (worn) {rN++}
   (You found it on level 7 of the Dungeon)

   rN:        It greatly protects you from negative energy.
 l - a +2 pair of boots of flying (worn)
 z - a +2 cloak (worn)
 C - a +1 helmet (worn)
 F - a +3 scale mail (worn)
 G - a +0 pair of gloves (worn)
Jewellery
 b - the ring of Gynkustuh (right hand) {Fly Str+6 Int-3 Dex+3}
   (You acquired it on level 7 of the Dungeon)

   [ring of strength]

   Str:       It affects your strength (+6).
   Int:       It affects your intelligence (-3).
   Dex:       It affects your dexterity (+3).
   Fly:       It grants you flight.
 f - a ring of protection from fire (left hand)
 h - an amulet of regeneration (around neck)
 H - a ring of willpower
Wands
 x - a wand of acid (6)
 A - a wand of flame (16)
 B - a wand of polymorph (14)
 D - a wand of charming (6)
Scrolls
 c - a scroll of fear
 d - 2 scrolls of teleportation
 o - a scroll of summoning
 w - 4 scrolls of fog
 E - a scroll of magic mapping
Potions
 e - 3 potions of curing
 i - a potion of brilliance
 j - a potion of resistance
 m - a potion of berserk rage
 n - 5 potions of might
 q - a potion of invisibility
 r - 4 potions of heal wounds
 s - a potion of ambrosia
 t - 3 potions of haste
 v - 2 potions of cancellation
 J - a potion of flight {unknown}


   Skills:
 + Level 9.4 Fighting
 + Level 6.6 Short Blades
 + Level 6.6 Long Blades
 + Level 8.1 Axes
 + Level 6.6 Maces & Flails
 + Level 6.6 Polearms
 + Level 6.6 Staves
 + Level 6.6 Slings
 + Level 6.6 Bows
 + Level 6.6 Crossbows
 + Level 6.6 Throwing
 + Level 8.1 Armour
 + Level 7.1 Dodging
 + Level 6.6 Stealth
 + Level 6.6 Shields
 + Level 6.6 Unarmed Combat
 + Level 6.6 Spellcasting
 + Level 5.5 Conjurations
 + Level 5.5 Hexes
 + Level 5.5 Summonings
 + Level 5.5 Necromancy
 + Level 5.5 Translocations
 + Level 5.5 Transmutations
 + Level 5.5 Fire Magic
 + Level 5.5 Ice Magic
 + Level 5.5 Air Magic
 + Level 5.5 Earth Magic
 + Level 5.5 Poison Magic
 + Level 8.7 Invocations
 + Level 6.6 Evocations


You had 23 spell levels left.
You didn't know any spells.
Your spell library contained the following spells:

 Spells                   Type           Power      Damage    Failure   Level
 Shock                    Conj/Air       32%        1d5       6%          1
 Dazzling Flash           Conj/Hex       16%        N/A       19%         3
 Iskenderun's Mystic Bla  Conj/Tloc      8%         2d4       52%         4
 Starburst                Conj/Fire      4%         6d3       100%        6


Dungeon Overview and Level Annotations

Branches:
Dungeon (11/15)            Temple (0/1) D:7            Lair (1/6) D:11
    Orc (0/2) D:9           Sewer (visited)

Altars:
Kikubaaqudgha
Nemelex Xobeh
Beogh

Shops:
D:2 *   D:3 [   D:8 *

Annotations:
D:5 1 runed translucent door


Innate Abilities, Weirdness & Mutations

You have very sharp teeth.
Your uncanny sense of smell can sniff out nearby items.
Your experience applies equally to all skills.
You are clumsy. (Dex -2)


Message History

Unknown command.
You hit the cane toad.
The cane toad is moderately wounded.
You hit the bush. You closely miss the blink frog.
The blink frog blinks!
The cane toad stings you!
* * * LOW HITPOINT WARNING * * *
You are poisoned.
The cane toad poisons you!
The blink frog blinks!
You slash the cane toad!
The cane toad is heavily wounded.
You closely miss the blink frog. You hit the bush but do no damage.
You feel very sick. The cane toad closely misses you.
You block the blink frog's attack.
The cane toad stings you but does no damage.
Unknown command.
You barely miss the cane toad.
The cane toad is heavily wounded.
You hit the blink frog.
The blink frog looks as sick as possible!
You slash the bush!
You feel very sick.
The blink frog hits you but does no damage.
The cane toad closely misses you. You block the blink frog's attack.
You hit the cane toad but do no damage.
The cane toad is heavily wounded.
You hit the bush but do no damage. You hit the blink frog.
The blink frog looks as sick as possible!
You feel very sick.
The cane toad stings you but does no damage.
The blink frog blinks!
You slash the cane toad!
The cane toad is severely wounded.
You hit the bush but do no damage. You closely miss the blink frog.
You feel sick. You block the cane toad's attack.
The blink frog blinks! x2
The cane toad misses you.
Unknown command.
You closely miss the cane toad.
The cane toad is severely wounded.
You hit the bush but do no damage.
You feel sick. The cane toad stings you!
You die...

......∆ .. ...... ..#
...... ..
....#.####.###....
.........§.+...#
#...F.........#
...#......†).#...#
......F@§........#
...#..FP'####....# #
.................###P#
##..######............
#..# ###..........
#..# #.......... #..#
#..####.### #..# #...#
# #..# #..##


You could see a cane toad and 2 blink frogs.

Vanquished Creatures
  A manticore (D:11)
  A cyclops (D:11)
  Joseph (D:7)
  A cane toad (Lair:1)
  An unseen horror (D:10)
  A komodo dragon (D:11)
  A kobold demonologist (D:10)
  2 trolls
  A hornet (D:8)
  A blink frog (Lair:1)
  A wraith (D:10)
  Sigmund (D:2)
  A water elemental (D:11)
  7 yaks
  Eustachio (D:5)
  A basilisk (D:11)
  Edmund (D:5)
  2 acid dragons
  A water moccasin (D:7)
  A black bear (D:5)
  5 orc warriors
  An ogre (D:7)
  4 wolves (D:11)
  6 centaurs
  2 kobold brigands
  4 bullfrogs
  A gnoll sergeant (D:8)
  6 scorpions
  A wyvern skeleton (D:6)
  9 killer bees
  9 wights
  A howler monkey (D:9)
  4 centaur zombies
  5 hounds
  A jelly (D:8)
  11 orc priests
  3 bullfrog skeletons
  A gnoll shaman (D:6)
  3 iguanas
  Natasha (thrice) (D:3)
  9 orc wizards
  A killer bee zombie (D:6)
  A hound skeleton (D:5)
  Robin (D:2)
  14 gnolls
  10 adders
  An ufetubus (D:6)
  2 dart slugs
  44 orcs
  8 endoplasms
  8 giant cockroaches
  12 goblins
  11 hobgoblins
  11 jackals
  3 quokkas
  13 ball pythons
  3 bats
  3 frilled lizards
  23 kobolds
  13 rats
  A butterfly (D:5)
300 creatures vanquished.

Vanquished Creatures (others)
  A swamp drake (D:9)
  An orc (D:9)
  4 fungi
  87 plants
93 creatures vanquished.

Grand Total: 393 creatures vanquished

Notes
Turn   | Place    | Note
-------+----------+-------------------------------------------
     0 | Abyss:1  | Gargoyl the Gnoll Abyssal Knight began the quest for the
                  | Orb.
     0 | Abyss:1  | Reached XP level 1. HP: 23/23 MP: 3/3
     8 | Abyss:1  | Found a corrupted altar of Lugonu.
    45 | Abyss:1  | Noticed a small abomination
    64 | Abyss:2  | Noticed a yaktaur
    65 | Abyss:2  | Noticed a tentacled starspawn
    66 | Abyss:2  | Noticed an ancient zyme
    67 | D:1      | Escaped the Abyss
   137 | D:1      | Reached XP level 2. HP: 22/29 MP: 5/5
   143 | D:1      | Reached * piety under Lugonu
   623 | D:1      | Reached XP level 3. HP: 28/35 MP: 6/6
  1178 | D:2      | Identified the -6 helmet "Ces Inwadoe" {Drain Int+4}
  1178 | D:2      | Noticed Robin
  1189 | D:2      | Reached skill level 1 in Short Blades
  1189 | D:2      | Reached skill level 1 in Long Blades
  1189 | D:2      | Reached skill level 1 in Maces & Flails
  1189 | D:2      | Reached skill level 1 in Polearms
  1189 | D:2      | Reached skill level 1 in Staves
  1189 | D:2      | Reached skill level 1 in Slings
  1189 | D:2      | Reached skill level 1 in Bows
  1189 | D:2      | Reached skill level 1 in Crossbows
  1189 | D:2      | Reached skill level 1 in Throwing
  1189 | D:2      | Reached skill level 1 in Stealth
  1189 | D:2      | Reached skill level 1 in Shields
  1189 | D:2      | Reached skill level 1 in Unarmed Combat
  1189 | D:2      | Reached skill level 1 in Spellcasting
  1189 | D:2      | Reached skill level 1 in Evocations
  1199 | D:2      | Reached XP level 4. HP: 30/41 MP: 7/7
  1224 | D:2      | Killed Robin
  1377 | D:2      | Found Hyneg's General Store.
  1380 | D:2      | Bought a scroll of teleportation for 36 gold pieces
  1552 | D:2      | Reached skill level 1 in Conjurations
  1552 | D:2      | Reached skill level 1 in Hexes
  1552 | D:2      | Reached skill level 1 in Summonings
  1552 | D:2      | Reached skill level 1 in Necromancy
  1552 | D:2      | Reached skill level 1 in Translocations
  1552 | D:2      | Reached skill level 1 in Transmutations
  1552 | D:2      | Reached skill level 1 in Fire Magic
  1552 | D:2      | Reached skill level 1 in Ice Magic
  1552 | D:2      | Reached skill level 1 in Air Magic
  1552 | D:2      | Reached skill level 1 in Earth Magic
  1552 | D:2      | Reached skill level 1 in Poison Magic
  1592 | D:2      | Reached XP level 5. HP: 30/47 MP: 8/8
  1923 | D:2      | Noticed Sigmund
  1947 | D:2      | Killed Sigmund
  1948 | D:2      | Reached skill level 5 in Invocations
  1948 | D:2      | Reached XP level 6. HP: 11/53 MP: 9/9
  2518 | D:3      | Reached ** piety under Lugonu
  2611 | D:3      | Found Piskoi's Antique Armour Boutique.
  2633 | D:3      | Reached skill level 5 in Axes
  2633 | D:3      | Reached skill level 5 in Armour
  3069 | D:3      | Found an ancient bone altar of Kikubaaqudgha.
  3077 | D:3      | Noticed Natasha
  3090 | D:3      | Killed Natasha
  3116 | D:3      | Noticed Natasha
  3125 | D:3      | Killed Natasha
  3160 | D:3      | Found a faded altar of an unknown god.
  3168 | D:3      | Got Plato's Grimoire of Lightness
  3286 | D:3      | Noticed Natasha
  3294 | D:3      | Killed Natasha
  3385 | D:4      | Reached XP level 7. HP: 27/59 MP: 10/10
  3516 | D:4      | Reached skill level 7 in Fighting
  3714 | D:4      | Found a glowing drain.
  3735 | D:4      | Reached *** piety under Lugonu
  3745 | Sewer    | Entered a sewer
  4418 | D:4      | Identified a scroll of acquirement
  4418 | D:4      | Acquired a +2 pair of boots of flying
  4703 | D:5      | Entered Level 5 of the Dungeon
  4756 | D:5      | Noticed Edmund
  4779 | D:5      | Killed Edmund
  5267 | D:5      | Noticed Eustachio
  5305 | D:5      | Killed Eustachio
  5306 | D:5      | Reached XP level 8. HP: 67/67 MP: 12/12
  5346 | D:5      | Found a runed translucent door.
  5422 | D:5      | Found a runed translucent door.
  5837 | D:5      | Reached **** piety under Lugonu
  6424 | D:6      | You are sucked into a shaft and drop 2 floors!
  6659 | D:7      | Reached XP level 9. HP: 72/72 MP: 14/14
  6879 | D:7      | Noticed Joseph
  6910 | D:7      | HP: 3/66 [ogre (19)]
  6971 | D:7      | Acquired the ring of Gynkustuh {Fly Str+6 Int-3 Dex+3}
  7037 | D:7      | Killed Joseph
  7038 | D:7      | Reached skill level 5 in Dodging
  7135 | D:7      | Reached skill level 8 in Fighting
  7214 | D:7      | Identified the +0 buckler of Dimn {rN++}
  8351 | D:7      | Found a staircase to the Ecumenical Temple.
  8674 | D:8      | Found Vewuz's Elemental Accessories.
  8701 | D:8      | Reached ***** piety under Lugonu
  8800 | D:8      | Reached XP level 10. HP: 62/80 MP: 17/17
  8932 | D:8      | Reached skill level 5 in Short Blades
  8932 | D:8      | Reached skill level 5 in Long Blades
  8932 | D:8      | Reached skill level 5 in Maces & Flails
  8932 | D:8      | Reached skill level 5 in Polearms
  8932 | D:8      | Reached skill level 5 in Staves
  8932 | D:8      | Reached skill level 5 in Slings
  8932 | D:8      | Reached skill level 5 in Bows
  8932 | D:8      | Reached skill level 5 in Crossbows
  8932 | D:8      | Reached skill level 5 in Throwing
  8932 | D:8      | Reached skill level 5 in Stealth
  8932 | D:8      | Reached skill level 5 in Shields
  8932 | D:8      | Reached skill level 5 in Unarmed Combat
  8932 | D:8      | Reached skill level 5 in Spellcasting
  8932 | D:8      | Reached skill level 5 in Evocations
  9128 | D:8      | Paralysed by a hornet for 2 turns
 10116 | D:9      | Found a staircase to the Orcish Mines.
 10581 | D:10     | Entered Level 10 of the Dungeon
 10583 | D:10     | Gained mutation: You have sharp toenails. [potion of
                  | mutation]
 10583 | D:10     | Gained mutation: You are strong-willed. (Will+) [potion of
                  | mutation]
 10584 | D:10     | Lost mutation: You have sharp toenails. [potion of
                  | mutation]
 10584 | D:10     | Lost mutation: You are strong-willed. (Will+) [potion of
                  | mutation]
 10584 | D:10     | Gained mutation: You are frail. (-10% HP) [potion of
                  | mutation]
 10585 | D:10     | Lost mutation: You are frail. (-10% HP) [potion of
                  | mutation]
 10585 | D:10     | Gained mutation: You are clumsy. (Dex -2) [potion of
                  | mutation]
 10651 | D:10     | Killed an unseen horror
 11182 | D:10     | Reached XP level 11. HP: 86/87 MP: 19/19
 11195 | D:10     | Reached skill level 9 in Fighting
 11231 | D:10     | Reached skill level 5 in Conjurations
 11231 | D:10     | Reached skill level 5 in Hexes
 11231 | D:10     | Reached skill level 5 in Summonings
 11231 | D:10     | Reached skill level 5 in Necromancy
 11231 | D:10     | Reached skill level 5 in Translocations
 11231 | D:10     | Reached skill level 5 in Transmutations
 11231 | D:10     | Reached skill level 5 in Fire Magic
 11231 | D:10     | Reached skill level 5 in Ice Magic
 11231 | D:10     | Reached skill level 5 in Air Magic
 11231 | D:10     | Reached skill level 5 in Earth Magic
 11231 | D:10     | Reached skill level 5 in Poison Magic
 11817 | D:11     | Identified the +10 whip of Incongruity {spect, rC++ rN+
                  | Int-4 Dex-3}
 11850 | D:11     | Noticed a seven-headed hydra
 11853 | D:11     | Banished a seven-headed hydra
 11936 | D:11     | Found a sparkling altar of Nemelex Xobeh.
 12042 | D:11     | Noticed a manticore
 12060 | D:11     | Killed a manticore
 12234 | D:11     | Noticed a cyclops
 12243 | D:11     | Killed a cyclops
 12366 | D:11     | Found a staircase to the Lair.
 12734 | Lair:1   | Entered Level 1 of the Lair of Beasts
 12796 | Lair:1   | Slain by a cane toad

Illustrated notes

Levels and vault maps discovered:
D:1:      roderic_crop_circles_arrival_large, layout_rooms, corner_web_ring,
          kennysheep_another_room, minmay_misc_feat_rows, minmay_cupped
D:2:      layout_basic, serial_shops, nicolae_shop_behind_doors, uniq_sigmund,
          uniq_robin
D:3:      layout_rooms, mainiacjoe_overflow_boulevard, serial_shops,
          nicolae_shop_trees, shapermc_ecumenical_altar_rom_forum, uniq_natasha
D:4:      layout_loops_cross, portal_sewer_entry_c,
          hangedman_abyss_or_decor_passed, kennysheep_orc_chapel
D:5:      lemuel_insect_pit, layout_basic, uniq_eustachio, uniq_edmund
D:6:      layout_layer_cave
D:7:      layout_layer_cave, lemuel_temple_firewalk_b, uniq_joseph
D:8:      layout_basic, nicolae_elemental_shop, mumra_transporter_accident,
          dk_rats_in_the_wall
D:9:      layout_roguey, erik_orc_1
D:10:     layout_grid_maze
D:11:     layout_loops_ring, erik_lair_island, nemelex_xobeh_ov_fountains_minmay
Lair:1:   lemuel_reptile_caves, layout_chaotic_city, lemuel_fruit_fields,
          grunt_megastairs_2

Skill      XL: |  1  2  3  4  5  6  7  8  9 10 11 |
---------------+----------------------------------+-----
Short Blades   | 1 2 3 4 5 6 |  6.6
Long Blades    | 1 2 3 4 5 6 |  6.6
Maces & Flails | 1 2 3 4 5 6 |  6.6
Polearms       | 1 2 3 4 5 6 |  6.6
Staves         | 1 2 3 4 5 6 |  6.6
Slings         | 1 2 3 4 5 6 |  6.6
Bows           | 1 2 3 4 5 6 |  6.6
Crossbows      | 1 2 3 4 5 6 |  6.6
Throwing       | 1 2 3 4 5 6 |  6.6
Stealth        | 1 2 3 4 5 6 |  6.6
Shields        | 1 2 3 4 5 6 |  6.6
Unarmed Combat | 1 2 3 4 5 6 |  6.6
Spellcasting   | 1 2 3 4 5 6 |  6.6
Evocations     | 1 2 3 4 5 6 |  6.6
Conjurations   | 1 2 3 4 5 |  5.5
Hexes          | 1 2 3 4 5 |  5.5
Summonings     | 1 2 3 4 5 |  5.5
Necromancy     | 1 2 3 4 5 |  5.5
Translocations | 1 2 3 4 5 |  5.5
Transmutations | 1 2 3 4 5 |  5.5
Fire Magic     | 1 2 3 4 5 |  5.5
Ice Magic      | 1 2 3 4 5 |  5.5
Air Magic      | 1 2 3 4 5 |  5.5
Earth Magic    | 1 2 3 4 5 |  5.5
Poison Magic   | 1 2 3 4 5 |  5.5
Dodging        | 3 4 5 6 7 |  7.1
Invocations    | 5 6 7 8 |  8.7
Axes           | 5 6 7 8 |  8.1
Armour         | 5 6 7 8 |  8.1
Fighting       | 7 8 9 |  9.4

Action                   |  1- 3 |  4- 6 |  7- 9 | 10-12 || total
-------------------------+-------+-------+-------+-------++-------
Melee: Hand axe          |    98 |    45 |   502 |   384 ||  1029
       Bite              |     9 |    17 |    55 |    77 ||   158
       Whip              |       |   151 |     8 |       ||   159
       Punch             |       |     1 |     5 |       ||     6
       War axe           |       |       |       |    95 ||    95
Throw: Dart              |       |       |     1 |       ||     1
Invok: Depart the Abyss  |     1 |       |       |       ||     1
       Bend Space        |       |       |     1 |       ||     1
       Banish            |       |       |       |     4 ||     4
  Use: Scroll            |     5 |       |    17 |     8 ||    30
       Potion            |       |       |     3 |     3 ||     6
Armor: Chain mail        |    63 |   105 |   402 |   109 ||   679
       Scale mail        |       |       |       |   195 ||   195
Dodge: Dodged            |    42 |    71 |   251 |   301 ||   665
Block: Buckler           |       |       |    22 |   142 ||   164

Table legend: (Time is in decaauts)
 A = Elapsed time spent in this place.
 B = Non-inter-level travel time spent in this place.
 C = Inter-level travel time spent in this place.
 D = Time resting spent in this place.
 E = Time spent auto-exploring this place.
 F = Levels seen in this place.
 G = Mean time per level.
                   A        B        C        D        E       F      G
               +--------+--------+--------+--------+--------+-----+--------+
         Total |  12957 |  12549 |    408 |    671 |   8832 |  15 |  863.8 |
       Dungeon |  12067 |  11660 |    407 |    671 |   8260 |  11 | 1097.0 |
          Lair |     63 |     63 |      0 |      0 |     29 |   1 |   63.0 |
         Abyss |     66 |     66 |      0 |      0 |     36 |   2 |   33.0 |
         Sewer |    759 |    759 |      0 |      0 |    506 |   1 |  759.0 |
               +--------+--------+--------+--------+--------+-----+--------+

Top non-repeatable levels by time:
     D:2: 1865 daAuts
     D:7: 1424 daAuts
     D:5: 1345 daAuts
    D:10: 1157 daAuts
     D:6: 1135 daAuts
    D:11: 994 daAuts
     D:9: 992 daAuts
     D:8: 976 daAuts
     D:1: 822 daAuts
     D:4: 787 daAuts
   Sewer: 759 daAuts
     D:3: 566 daAuts
  Lair:1: 63 daAuts
 Abyss:1: 47 daAuts
 Abyss:2: 19 daAuts
